 Dungeon Crawl Stone Soup version 0.23-a0-172-g8f65603 (webtiles) character file.

151 Felrender the Slasher (level 5, 0/46 HPs)
             Began as a Draconian Berserker on Sept 15, 2018.
             Was a Believer of Trog.
             Slain by Grinder (9 damage)
             ... while paralysed by Grinder
             ... on level 3 of the Dungeon.
             The game lasted 00:10:33 (2854 turns).

Felrender the Slasher (Draconian Berserker)         Turns: 2854, Time: 00:10:34

Health: 0/46       AC:  6    Str: 21    XL:     5   Next: 11%
Magic:  5/5        EV:  2    Int:  7    God:    Trog [**....]
Gold:   124        SH:  0    Dex: 10    Spells: 4/4 levels left

rFire    . . .     SeeInvis .   a - +1 falchion
rCold    . . .     Gourm    .   (no shield)
rNeg     . . .     Faith    .   (armour unavailable)
rPois    +         Spirit   .   (helmet restricted)
rElec    .         Reflect  .   o - +0 cloak
rCorr    .         Harm     .   (no gloves)
MR       .....                  (no boots)
Stlth    +.........             (no amulet)
HPRegen  0.15/turn              g - ring of poison resistance
MPRegen  0.09/turn              (no ring)

@: paralysed, berserk cooldown, slowed
A: unfitting armour, cold-blooded, AC +5
a: Berserk, Trog's Hand, Renounce Religion


You were on level 3 of the Dungeon.
You worshipped Trog.
Trog was pleased with you.
You were not hungry.

You visited 1 branch of the dungeon, and saw 3 of its levels.

You collected 124 gold pieces.

Inventory:

Hand Weapons
 a - a +1 falchion (weapon)
 e - a +0 dagger
 m - a +1 mace of holy wrath
 n - a +2 quarterstaff of chaos
Armour
 o - a +0 cloak (worn)
Jewellery
 g - a ring of poison resistance (left hand)
 l - an uncursed ring of resist corrosion {unknown}
Scrolls
 f - a scroll of fear
 p - a scroll of amnesia {unknown}
 q - a scroll of blinking
 r - a scroll of remove curse
Potions
 c - a potion of flight
 d - 2 potions of cancellation {unknown}
 h - a potion of magic {unknown}
 i - a potion of agility {unknown}
 j - a potion of ambrosia {unknown}
 k - a potion of might {unknown}
Comestibles
 b - a ration


   Skills:
 + Level 4.0 Fighting
 + Level 4.4 Long Blades
 + Level 3.8 Dodging
 + Level 0.3 Stealth


You had 4 spell levels left.
You didn't know any spells.
Your spell library was empty.

Dungeon Overview and Level Annotations

Branches:
Dungeon (3/15)

Altars:
Hepliaklqana
Kikubaaqudgha

Annotations:
D:3 Grinder


Innate Abilities, Weirdness & Mutations

Your plain brown scales are hard. (AC +5)
You cannot fit into any form of body armour.
You are cold-blooded and may be slowed by cold attacks.


Message History

* * * LOW HITPOINT WARNING * * *
You writhe in agony.
* * * LOW HITPOINT WARNING * * *
You hit Grinder but do no damage.
Grinder is almost dead.
Grinder barely misses you. Grinder misses you.
You hit Grinder but do no damage.
Grinder is almost dead.
Grinder closely misses you.
You riposte.
You barely miss Grinder.
Grinder is almost dead.
Grinder blinks!
Grinder says, "FISH!"
Grinder gestures at you.
You suddenly lose the ability to move!
Grinder blinks!
Grinder gestures at you. You resist with significant effort.
Grinder hits you but does no damage. Grinder hits you!
You die...

#.(..)..## ####....>....
#.............
#.............
##...#..........#
#.......###.....# #
#................ .
##..>....5........ .....
#........@#.#....). .....
#.#................ ......
#...≈≈..⌠)†...............
#..≈≈≈....#......# .......
#..≈≈≈...##......####.....
#.≈≈≈≈...##.####..........
#.≈≈≈≈≈≈..#...............
..≈≈≈..≈.#...............
⌠....._ #...)..##.......


You could see Grinder.

Vanquished Creatures
  Crazy Yiuf (D:2)
  3 adders
  An ooze (D:1)
  A worm (D:2)
  2 dart slugs
  3 leopard geckos
  2 giant cockroaches
  6 goblins
  12 hobgoblins
  13 jackals
  8 kobolds
  3 quokkas
  2 ball pythons
  9 bats
  5 frilled lizards
  8 rats
  A plant (D:1)
80 creatures vanquished.

Notes
Turn   | Place    | Note
-------+----------+-------------------------------------------
     0 | D:1      | Felrender the Draconian Berserker began the quest for the
                  | Orb.
     0 | D:1      | Reached XP level 1. HP: 19/19 MP: 1/1
   221 | D:1      | Reached XP level 2. HP: 26/26 MP: 2/2
   954 | D:2      | Reached XP level 3. HP: 33/33 MP: 3/3
   988 | D:2      | Reached ** piety under Trog
  1280 | D:2      | Found a runed door.
  1284 | D:2      | Noticed Crazy Yiuf
  1294 | D:2      | Killed Crazy Yiuf
  1294 | D:2      | Reached XP level 4. HP: 32/40 MP: 4/4
  2723 | D:3      | Found a hazy altar of Hepliaklqana.
  2732 | D:3      | Reached *** piety under Trog
  2732 | D:3      | Reached XP level 5. HP: 46/46 MP: 5/5
  2779 | D:3      | Found a faded altar of an unknown god.
  2815 | D:3      | Noticed Grinder
  2817 | D:3      | Found an ancient bone altar of Kikubaaqudgha.
  2819 | D:3      | Paralysed by Grinder for 2 turns
  2829 | D:3      | Paralysed by Grinder for 2 turns
  2835 | D:3      | Paralysed by Grinder for 4 turns
  2850 | D:3      | Paralysed by Grinder for 5 turns
  2854 | D:3      | Slain by Grinder

Vault maps used:
D:1:      eino_arrival_water_cross
D:2:      st_stairs_12, uniq_crazy_yiuf_cottage
D:3:      kennysheep_big_flooded_room, kiku_gazebo_pond_becter,
          lemuel_crystal_altar, chequers_ecumenical_altar_simple, uniq_grinder

Skill      XL: |  1  2  3  4 |
---------------+-------------+-----
Dodging        | 3 |  3.8
Long Blades    | 4 |  4.4
Fighting       | 4 |  4.0
Stealth        | |  0.3

Action                   |  1- 3 |  4- 6 || total
-------------------------+-------+-------++-------
Melee: Falchion          |   176 |    84 ||   260
       Tailslap          |    28 |     8 ||    36
Invok: Berserk           |     1 |     1 ||     2
       Trog's Hand       |       |     1 ||     1
  Use: Scroll            |     3 |     3 ||     6
  Eat: Ration            |     1 |     2 ||     3
Armor: Skin              |    48 |    48 ||    96
Dodge: Dodged            |    71 |    83 ||   154
       Rpst.: Falchion   |    25 |    25 ||    50

Table legend:
 A = Non-vault XP
 B = Vault XP
 C = Vault XP percentage of total XP
 D = Non-vault monster count
 E = Vault monster count
 F = Vault count percentage of total count
                 A         B        C        D         E       F
            +---------+---------+-------+---------+---------+-------
      Total |     173 |      44 |  20.3 |      75 |       4 |   5.1
            +---------+---------+-------+---------+---------+-------
        D:1 |      40 |       0 |   0.0 |      22 |       0 |   0.0
        D:2 |      75 |      41 |  35.3 |      33 |       2 |   5.7
        D:3 |      58 |       3 |   4.9 |      20 |       2 |   9.1
            +---------+---------+-------+---------+---------+-------
